 Dungeon Sprint DCSS version 0.17-a0-1450-g7e755d1 (webtiles) character file.

2169 emikaela the Covert (level 9, -15/63 HPs)
             Began as a Kobold Assassin on July 1, 2015.
             Was a Follower of Trog.
             Shot with an arrow by a centaur warrior (16 damage)
             ... in the Dungeon (Sprint I: "Red Sonja").
             The game lasted 00:05:27 (499 turns).

emikaela the Covert (Kobold Assassin)                Turns: 499, Time: 00:05:27

Health: -15/63     AC:  5    Str:  9    XL:     9   Next: 58%
Magic:  9/9        EV: 26    Int:  9    God:    Trog [*.....]
Gold:   411        SH:  0    Dex: 21    Spells: 0 memorised, 8 levels left

rFire  . . .     SeeInvis .     a - +2 dagger
rCold  . . .     Clarity  .     c - +0 robe
rNeg   . . .     SustAt   .     (shield restricted)
rPois  .         Gourm    .     (no helmet)
rElec  .         Spirit   .     d - +0 cloak
rCorr  .         Warding  .     u - +1 pair of gloves {archery}
rMut   .         Stasis   +     (no boots)
MR     .....                    p - amulet of stasis
Stlth  +++++++...               (no ring)
                                (no ring)

@: not resistant to hostile enchantments, extremely stealthy
A: carnivore 3
a: Burn Spellbooks, Berserk, Renounce Religion


You were in the Dungeon.
You worshipped Trog.
Trog was aware of your devotion.
You were very full.

You visited 1 branch You collected 537 gold pieces.
You spent 126 gold pieces at shops.

Inventory:

Hand weapons
 a - a +2 dagger (weapon)
 b - a +0 blowgun
 n - a +0 short sword of distortion
Missiles
 f - 7 poisoned needles
 r - 16 arrows
 s - 8 bolts
Armour
 c - a +0 robe (worn)
 d - a +0 cloak (worn)
 u - a +1 pair of gloves of archery (worn)
Jewellery
 p - an amulet of stasis (around neck)
Magical devices
 e - a wand of digging (5)
Scrolls
 m - a scroll of blinking
 t - a scroll of immolation {unknown}
Potions
 h - a potion of curing
 i - a potion of heal wounds
 j - a potion of haste
 k - 2 potions of magic
 l - a potion of berserk rage
Comestibles
 g - a meat ration
 q - 6 chunks of flesh


   Skills:
 + Level 10.5 Fighting
 - Level 10.8 Short Blades
 + Level 12.2 Throwing
 + Level 11.0 Dodging
 + Level 14.7 Stealth


You had 8 spell levels left.
You didn't know any spells.

Dungeon Overview and Level Annotations

Branches:
Dungeon (1/1)

Altars:
Elyvilon
Gozag
Kikubaaqudgha
Makhleb
Nemelex Xobeh
Okawaru
Qazlal
Ru
Sif Muna
Trog
Vehumet
Xom
Yredelemnul
Zin
The Shining One

Shops:
D =}[


Innate Abilities, Weirdness & Mutations

You are small and have problems with some larger weapons.
You are carnivorous and can eat meat at any time.


Message History

You barely miss the centaur warrior.
The centaur warrior is severely wounded.
The centaur warrior hits you!
* * * LOW HITPOINT WARNING * * *
You hit the centaur warrior but do no damage.
The centaur warrior is severely wounded.
You hit the centaur warrior.
The centaur warrior is severely wounded.
The centaur warrior closely misses you.
You barely miss the centaur warrior.
The centaur warrior is severely wounded.
You hit the centaur warrior but do no damage.
The centaur warrior is severely wounded.
The centaur warrior hits you!
* * * LOW HITPOINT WARNING * * *
Use which ability? (? or * to list)
You cannot go berserk while under stasis.
The centaur warrior wields a shortbow.
The centaur warrior shoots an arrow.
The arrow hits you!
You die...

############
.)'.....'..#
..#.)').#..+
####'#####'# ####
###..#...#.####§§#
__####..##)#§§§.@#
_..__##'#..+§§§§.+
_.∩...'..._#≈§§.c#
_..._##_.#+##§####
_____###'# #§§..###
########.####'###.##
......'...'..÷..'.∩#
+++####.).##########
##.##


You could see a centaur warrior.

Vanquished Creatures
  A centaur warrior (D)
  Sonja (D)
  A deep troll (D)
  Sigmund (D)
  A yak (D)
  An ogre (D)
  A jelly (D)
  Ijyb (D)
8 creatures vanquished.

Vanquished Creatures (others)
  A gargoyle (D)
1 creature vanquished.

Grand Total: 9 creatures vanquished

Notes
Turn   | Place    | Note
--------------------------------------------------------------
     0 | D        | emikaela the Kobold Assassin began the quest for the Orb.
     0 | D        | Reached XP level 1. HP: 12/12 MP: 1/1
     1 | D        | Noticed Ijyb
     4 | D        | Killed Ijyb
     4 | D        | Reached skill level 5 in Throwing
     4 | D        | Reached skill level 6 in Stealth
     4 | D        | Reached XP level 2. HP: 16/19 MP: 2/2
     4 | D        | Reached XP level 3. HP: 19/23 MP: 3/3
    62 | D        | Noticed an ogre
    65 | D        | Killed an ogre
    65 | D        | Reached skill level 5 in Short Blades
    65 | D        | Reached skill level 7 in Throwing
    65 | D        | Reached XP level 4. HP: 28/30 MP: 4/4
    65 | D        | Reached XP level 5. HP: 31/34 MP: 5/5
    94 | D        | Noticed Sigmund
   110 | D        | Killed Sigmund
   110 | D        | Reached skill level 5 in Fighting
   110 | D        | Reached skill level 9 in Throwing
   110 | D        | Reached skill level 5 in Dodging
   110 | D        | Reached XP level 6. HP: 28/41 MP: 6/6
   220 | D        | Found a deep blue altar of Sif Muna.
   221 | D        | Noticed a jelly
   222 | D        | Found a radiant altar of Vehumet.
   226 | D        | Killed a jelly
   226 | D        | Reached skill level 10 in Throwing
   250 | D        | Found Juew's Gadget Emporium.
   250 | D        | Found a white marble altar of Elyvilon.
   250 | D        | Found a stormy altar of Qazlal.
   250 | D        | Found a basalt altar of Yredelemnul.
   250 | D        | Found an iron altar of Okawaru.
   250 | D        | Found a sparkling altar of Nemelex Xobeh.
   250 | D        | Found a shimmering altar of Xom.
   250 | D        | Found an ancient bone altar of Kikubaaqudgha.
   250 | D        | Noticed a yak
   254 | D        | Found a burning altar of Makhleb.
   254 | D        | Found a sacrificial altar of Ru.
   254 | D        | Found an opulent altar of Gozag.
   271 | D        | Killed a yak
   271 | D        | Reached skill level 10 in Stealth
   271 | D        | Reached XP level 7. HP: 31/48 MP: 7/7
   288 | D        | Found a glowing golden altar of the Shining One.
   288 | D        | Found a glowing silver altar of Zin.
   291 | D        | Found a bloodstained altar of Trog.
   297 | D        | Became a worshipper of Trog the Wrathful
   363 | D        | Killed a gargoyle
   382 | D        | Noticed Sonja
   386 | D        | Killed Sonja
   386 | D        | Reached skill level 10 in Short Blades
   386 | D        | Reached skill level 12 in Stealth
   386 | D        | Reached XP level 8. HP: 52/55 MP: 8/8
   404 | D        | Found Hewneet's Jewellery Boutique.
   424 | D        | Noticed a deep troll
   428 | D        | Killed a deep troll
   428 | D        | Acquired Trog's first power
   428 | D        | Reached skill level 10 in Dodging
   428 | D        | Reached skill level 13 in Stealth
   428 | D        | Reached XP level 9. HP: 59/62 MP: 9/9
   457 | D        | Found Hojin's Armour Emporium.
   462 | D        | Bought a +1 pair of gloves of archery for 126 gold pieces
   476 | D        | Noticed a centaur warrior
   476 | D        | Noticed a centaur warrior
   478 | D        | Killed a centaur warrior
   478 | D        | Reached skill level 10 in Fighting
   478 | D        | Reached skill level 14 in Stealth
   498 | D        | HP: 1/63 [centaur warrior (10)]
   499 | D        | Shot with an arrow by a centaur warrior

Vault maps used:
D:        dungeon_sprint_1

Action                   |  1- 3 |  4- 6 |  7- 9 || total
-------------------------+-------+-------+-------++-------
Melee: Dagger            |     2 |     2 |    15 ||    19
 Fire: Blowgun           |       |    18 |     6 ||    24
 Stab: Sleeping          |     2 |     1 |     3 ||     6
  Eat: Chunk             |     1 |     5 |       ||     6
